AoeStats
← toomuchdog

MegaRandom

506304875Analyzed
1v1 RM · 20d ago on Sep 13, 2026· 40m 33s· 2 players
Game mode
Random Map
Map size
Tiny (2 player)
Population
200
Speed
Normal
Resources
Standard
Victory
Conquest
Starting age
Dark Age
Ending age
Imperial Age
RankedLock teamsTeams togetherTeam positionsShared explorationLock speedFull tech treeHidden civsTurbo modeCheats
Victory
Defeat
🇵🇰 Romans · Pakistan
1300
+17
🇨🇦 Goths · Canada
1319
-17
Serpent23
1:13 Loom
5:07 Loom
12:17 Feudal Age
12:23 Man-at-Arms
12:50 Double-Bit Axe
13:38 Scale Mail Armor
15:22 Horse Collar
16:16 Forging
21:48 Castle Age
22:18 Fletching
22:28 Padded Archer Armor
22:07 Long Swordsman
22:48 Squires
23:04 Chain Mail Armor
24:07 Bow Saw
25:57 Heavy Plow
30:38 Ballistics
33:49 Town Watch
37:50 Imperial Age
37:37 Gold Mining
37:50 Legionary
40:21 Iron Casting
toomuchdog
7:59 Loom
9:55 Feudal Age
10:29 Double-Bit Axe
19:10 Castle Age
19:45 Fletching
20:04 Crossbowman
21:09 Gold Mining
21:47 Bow Saw
25:50 Town Watch
26:27 Ballistics
28:47 Bodkin Arrow
33:31 Imperial Age
34:14 Bracer
35:39 Chemistry
Connection lost

Rejoining the realm…

Still unreachable

The connection could not be restored.

Session expired

The server has moved on; the page needs a fresh start.